 Dungeon Sprint DCSS version 0.27.1-3-gb3d3a73c9e (webtiles) character file.

Game seed: 8701065177479075821

1435 raph the Grappler (level 8, -3/133 HPs)
             Began as a Troll Berserker on Oct 28, 2021.
             Was a Priest of Trog.
             Slain by a demonic crawler (6 damage)
             ... in the Dungeon (Sprint I: "Red Sonja").
             The game lasted 00:01:50 (1114 turns).

raph the Grappler (Troll Berserker)                 Turns: 1114, Time: 00:01:50

Health: -3/133     AC:  4    Str: 26    XL:     8   Next: 45%
Magic:  7/7        EV: 12    Int:  3    God:    Trog [***...]
Gold:   405        SH:  0    Dex: 11    Spells: 7/7 levels left

rFire    . . .     SeeInvis .     - Unarmed
rCold    . . .     Faith    .   (no shield)
rNeg     . . .     Spirit   .   a - +0 animal skin
rPois    .         Reflect  .   (helmet restricted)
rElec    .         Harm     .   (no cloak)
rCorr    .         Rampage  .   (gloves unavailable)
Will     .....     NoTele   +   (boots unavailable)
Stlth    ..........             (no amulet)
HPRegen  1.32/turn              (no ring)
MPRegen  0.10/turn              (no ring)

@: berserking (expiring), very quick
A: large, unfitting armour, claws 3, regeneration 1, shaggy fur 1, tough skin 1
a: Renounce Religion, Berserk, Trog's Hand


You were in the Dungeon.
You worshipped Trog.
Trog was most pleased with you.
You visited 1 branch You collected 405 gold pieces.

Inventory:

Hand Weapons
 h - a +0 giant club
Armour
 a - a +0 animal skin (worn)
Wands
 i - a wand of flame (11)
Scrolls
 g - a scroll of blinking
 j - a scroll of identify
Potions
 b - a potion of curing
 c - a potion of heal wounds
 d - a potion of haste
 e - 2 potions of magic
 f - a potion of berserk rage


   Skills:
 + Level 8.4 Fighting
 + Level 8.4 Dodging
 * Level 13.3 Unarmed Combat


You had 7 spell levels left.
You didn't know any spells.
Your spell library was empty.

Dungeon Overview and Level Annotations

Branches:
Dungeon (1/1)

Altars:
Cheibriados
Dithmenos
Elyvilon
Fedhas
Gozag
Hepliaklqana
Kikubaaqudgha
Makhleb
Nemelex Xobeh
Okawaru
Qazlal
Ru
Sif Muna
Trog
Uskayaw
Vehumet
Wu Jian
Xom
Yredelemnul
Zin
The Shining One
Jiyva
Lugonu

Shops:
D [


Innate Abilities, Weirdness & Mutations

You are too large for most types of armour.
You have claws for hands.
Your natural rate of healing is unusually fast.
You are covered in fur. (AC +1)
You have tough skin. (AC +1)


Message History

The demonic crawler closely misses you.
The demonic crawler hits you but does no damage.
The demonic crawler hits you! The demonic crawler hits you.
You see here a demonic crawler corpse.
You claw the demonic crawler!
The demonic crawler is heavily wounded.
The demonic crawler hits you! The demonic crawler hits you. x2
The demonic crawler completely misses you.
The demonic crawler hits you. x2
Things that are here:
a +0 dagger; a +0 robe; a kobold corpse You feel a strong urge to attack something.
The demonic crawler hits you!
* * * LOW HITPOINT WARNING * * *
The demonic crawler barely misses you. The demonic crawler misses you.
There is an open door, spattered with blood here.
You scratch the demonic crawler but do no damage.
The demonic crawler is heavily wounded.
The demonic crawler barely misses you. The demonic crawler hits you!
* * * LOW HITPOINT WARNING * * *
The demonic crawler misses you. The demonic crawler barely misses you.
The demonic crawler misses you. The demonic crawler closely misses you.
You scratch the demonic crawler.
The demonic crawler is heavily wounded.
You claw the demonic crawler!
The demonic crawler is severely wounded.
The demonic crawler hits you but does no damage.
The demonic crawler hits you.
* * * LOW HITPOINT WARNING * * *
The demonic crawler barely misses you. x2; The demonic crawler hits you.
* * * LOW HITPOINT WARNING * * *
The demonic crawler hits you.
* * * LOW HITPOINT WARNING * * *
You barely miss the demonic crawler. You claw the demonic crawler.
The demonic crawler is severely wounded.
The demonic crawler hits you!
* * * LOW HITPOINT WARNING * * *
The demonic crawler hits you but does no damage.
The demonic crawler hits you.
You die...

#####################
.†..#.)'..#__#..@ss.#
.#..'..#..'..'..#s..##+#
###'#####'#__####...'..#
##..#...#:####$§#####..+
_####..##)#≈≈§§c# +##
____##'#_.+≈≈§§.+
.∩..÷'..._#≈≈§.c#
..__##_.#'# +###
____###+#.#


You could see 3 demonic crawlers.

Vanquished Creatures
  2 kobold demonologists (D)
  A slime creature (D)
  Sigmund (D)
  A yak (D)
  A floating eye (D)
  An ogre (D)
  A jelly (D)
  Ijyb (D)
9 creatures vanquished.

Vanquished Creatures (collateral kills)
  A demonic crawler (D)
1 creature vanquished.

Grand Total: 10 creatures vanquished

Notes
Turn   | Place    | Note
-------+----------+-------------------------------------------
     0 | D        | raph the Troll Berserker began the quest for the Orb.
     0 | D        | Reached XP level 1. HP: 22/22 MP: 0/0
     1 | D        | Noticed Ijyb
    17 | D        | Killed Ijyb
    18 | D        | Reached skill level 5 in Unarmed Combat
    18 | D        | Reached XP level 2. HP: 31/31 MP: 1/1
   238 | D        | Noticed an ogre
   242 | D        | Killed an ogre
   243 | D        | Reached skill level 7 in Unarmed Combat
   243 | D        | Reached XP level 3. HP: 40/40 MP: 2/2
   243 | D        | Reached XP level 4. HP: 49/49 MP: 3/3
   285 | D        | Noticed Sigmund
   291 | D        | Killed Sigmund
   291 | D        | Reached ** piety under Trog
   292 | D        | Reached skill level 5 in Fighting
   292 | D        | Reached skill level 5 in Dodging
   292 | D        | Reached skill level 9 in Unarmed Combat
   292 | D        | Reached XP level 5. HP: 35/59 MP: 4/4
   449 | D        | Found a shimmering blue altar of Sif Muna.
   450 | D        | Found an ornate altar of the Wu Jian Council.
   451 | D        | Found a radiant altar of Vehumet.
   455 | D        | Reached XP level 6. HP: 67/67 MP: 5/5
   624 | D        | Found Kabrapn's Armour Emporium.
   624 | D        | Found an ancient bone altar of Kikubaaqudgha.
   624 | D        | Found a hazy altar of Hepliaklqana.
   624 | D        | Found a stormy altar of Qazlal.
   624 | D        | Found a hide-covered altar of Uskayaw.
   624 | D        | Found a blossoming altar of Fedhas.
   624 | D        | Found a bloodstained altar of Trog.
   624 | D        | Found an iron altar of Okawaru.
   624 | D        | Found a basalt altar of Yredelemnul.
   624 | D        | Found a glowing golden altar of the Shining One.
   624 | D        | Found a snail-covered altar of Cheibriados.
   624 | D        | Found a sacrificial altar of Ru.
   624 | D        | Found a glowing silver altar of Zin.
   624 | D        | Found a shadowy altar of Dithmenos.
   624 | D        | Found a white marble altar of Elyvilon.
   624 | D        | Noticed a yak
   625 | D        | Found an opulent altar of Gozag.
   632 | D        | Killed a yak
   633 | D        | Reached skill level 10 in Unarmed Combat
   841 | D        | Found a sparkling altar of Nemelex Xobeh.
   862 | D        | Noticed a centaur warrior
   862 | D        | Noticed a centaur warrior
   868 | D        | Found a burning altar of Makhleb.
   868 | D        | Found a viscous altar of Jiyva.
   868 | D        | Found a shimmering altar of Xom.
   868 | D        | Found a corrupted altar of Lugonu.
   868 | D        | Noticed a slime creature
   872 | D        | Killed a slime creature
   873 | D        | Reached skill level 11 in Unarmed Combat
   873 | D        | Reached XP level 7. HP: 78/78 MP: 6/6
  1023 | D        | Noticed a kobold demonologist
  1024 | D        | Noticed a kobold demonologist
  1028 | D        | Paralysed by a floating eye for 4 turns
  1032 | D        | Noticed a hellwing
  1035 | D        | Killed a kobold demonologist
  1035 | D        | Reached *** piety under Trog
  1036 | D        | Reached skill level 12 in Unarmed Combat
  1041 | D        | Noticed an orange demon
  1044 | D        | Killed a kobold demonologist
  1045 | D        | Reached XP level 8. HP: 83/88 MP: 7/7
  1046 | D        | Reached **** piety under Trog
  1098 | D        | Noticed a demonic crawler
  1098 | D        | Noticed a demonic crawler
  1098 | D        | Noticed a demonic crawler
  1098 | D        | Noticed a demonic crawler
  1106 | D        | Killed a demonic crawler
  1107 | D        | Reached skill level 13 in Unarmed Combat
  1114 | D        | HP: 3/133 [demonic crawler (9)]
  1114 | D        | Slain by a demonic crawler

Illustrated notes

Levels and vault maps discovered:
D:        dungeon_sprint_1 [red_sonja_temple_1, red_sonja_temple_small_1]

Skill      XL: |  1  2  3  4  5  6  7  8 |
---------------+-------------------------+-----
Fighting       | 3 4 5 7 8 |  8.4
Dodging        | 3 4 5 7 8 |  8.4
Unarmed Combat | 5 7 9 11 12 13 | 13.3

Action                   |  1- 3 |  4- 6 |  7- 9 || total
-------------------------+-------+-------+-------++-------
Melee: Unarmed           |    18 |    14 |    25 ||    57
       Punch             |       |     1 |     1 ||     2
Invok: Berserk           |     2 |     4 |     2 ||     8
       Brothers in Arms  |       |       |     1 ||     1
  Use: Scroll            |       |     1 |       ||     1
Armor: Animal skin       |     3 |     1 |    10 ||    14
Dodge: Dodged            |     5 |     2 |    31 ||    38
